 Dungeon Crawl Stone Soup version 0.23-a0-819-g6debee6 (webtiles) character file.

28 wilfster70 the Cutter (level 3, -2/36 HPs)
             Began as a Halfling Warper on Jan 22, 2019.
             Slain by a hobgoblin (3 damage)
             ... on level 2 of the Dungeon.
             The game lasted 00:03:05 (870 turns).

wilfster70 the Cutter (Halfling Warper)              Turns: 870, Time: 00:03:05

Health: -2/36      AC: 21    Str: 18    XL:     3   Next: 27%
Magic:  5/5        EV:  3    Int: 11    God:
Gold:   107        SH:  0    Dex: 13    Spells: 5/5 levels left

rFire    . . .     SeeInvis .   a - +0 short sword
rCold    . . .     Gourm    .   (shield restricted)
rNeg     + + +     Faith    .   (armour currently unavailable)
rPois    +         Spirit   .   (helmet currently unavailable)
rElec    .         Reflect  .   (cloak currently unavailable)
rCorr    .         Harm     .   (gloves currently unavailable)
MR       .....     NoTele   +   (boots currently unavailable)
Stlth    +.........             (no amulet)
HPRegen  0.12/turn              (no ring)
MPRegen  0.09/turn              (no ring)

@: mighty, lethally poisoned (-2 -> -7), tree-form
A: small, mutation resistance 1
a: no special abilities


You were on level 2 of the Dungeon.
You were not hungry.
You were a tree.
You visited 1 branch of the dungeon, and saw 2 of its levels.

You collected 107 gold pieces.

Inventory:

Hand Weapons
 a - a +0 short sword (weapon)
Missiles
 e - 5 tomahawks of dispersal (quivered)
 g - 15 stones
 j - 21 sling bullets
 k - 7 tomahawks
Armour
 b - a +0 leather armour (melded)
Scrolls
 d - a scroll of blinking
Comestibles
 f - 3 rations


   Skills:
 + Level 2.2 Fighting
 * Level 3.5 Short Blades
 - Level 1.0 Throwing
 - Level 1.1 Armour
 - Level 2.1 Dodging
 + Level 1.9 Spellcasting
   Level 3.2 Translocations


You had 5 spell levels left.
You didn't know any spells.
Your spell library contained the following spells:

 Spells                   Type           Power        Failure   Level  Hunger
 Blink                    Tloc           N/A          12%         2    ###....
 Shroud of Golubria       Chrm/Tloc      #.........   22%         2    ###....
 Gell's Gravitas          Tloc           #.........   22%         3    ####...
 Lesser Beckoning         Tloc           #.........   22%         3    ####...
 Teleport Other           Tloc           #.......     22%         3    ####...
 Passage of Golubria      Tloc           N/A          58%         4    #####..


Dungeon Overview and Level Annotations

Branches:
Dungeon (2/15)

Altars:


Innate Abilities, Weirdness & Mutations

You are small and have problems with some larger weapons.
You are somewhat resistant to further mutation.


Message History

* * * LOW HITPOINT WARNING * * *
You feel sick. The adder bites you.
* * * LOW HITPOINT WARNING * * *
It was a potion of might.
You feel very mighty all of a sudden.
* * * LOW HITPOINT WARNING * * *
You feel sick.
The adder bites you but does no damage. x2
You puncture the adder!
You kill the adder!
You have reached level 3!
Your experience leads to an increase in your attributes!
Your base attributes are Str 12, Int 11, Dex 13.
Increase (S)trength, (I)ntelligence, or (D)exterity?
You feel stronger.
You cannot move.
You barely miss the hobgoblin.
* * * LOW HITPOINT WARNING * * *
You feel sick. The hobgoblin barely misses you.
You barely miss the hobgoblin. The hobgoblin hits you.
You die...

###.##....#.###
#...##....#...
#.####....#####
#.#...........
#..............
###.###########
#.# #g# #♣# #.#
#.# #.# #.# #.#
#.# #.# #.#


You could see a hobgoblin.

Vanquished Creatures
  An adder (D:2)
  An ooze (D:1)
  A leopard gecko (D:1)
  A ball python (D:1)
  3 goblins (D:1)
  A hobgoblin (D:1)
  2 bats (D:1)
  A frilled lizard (D:1)
  A kobold (D:1)
  3 rats (D:1)
15 creatures vanquished.

Notes
Turn   | Place    | Note
-------+----------+-------------------------------------------
     0 | D:1      | wilfster70 the Halfling Warper began the quest for the Orb.
     0 | D:1      | Reached XP level 1. HP: 14/14 MP: 3/3
   260 | D:1      | Reached XP level 2. HP: 16/19 MP: 4/4
   867 | D:2      | HP: 1/28 [poisoned by an adder]
   868 | D:2      | Reached XP level 3. HP: 2/24 MP: 5/5
   870 | D:2      | Slain by a hobgoblin

Vault maps used:
D:1:      minmay_arrival_loop
D:2:      cheibrodos_fertilizer

Skill      XL: |  1  2 |
---------------+-------+-----
Fighting       | 2 |  2.2
Short Blades   | 3 |  3.5
Throwing       | |  1.0
Armour         | |  1.1
Dodging        | |  2.1
Spellcasting   | |  1.9
Translocations | |  3.2

Action                   || total
-------------------------++-------
Melee: Short sword       ||    78
  Use: Scroll            ||     4
       Potion            ||     2
Armor: Leather armour    ||    16
       Skin              ||     2
Dodge: Dodged            ||    74

Table legend:
 A = Non-vault XP
 B = Vault XP
 C = Vault XP percentage of total XP
 D = Non-vault monster count
 E = Vault monster count
 F = Vault count percentage of total count
                 A         B        C        D         E       F
            +---------+---------+-------+---------+---------+-------
      Total |      40 |       0 |   0.0 |      15 |       0 |   0.0
            +---------+---------+-------+---------+---------+-------
        D:1 |      27 |       0 |   0.0 |      14 |       0 |   0.0
        D:2 |      13 |       0 |   0.0 |       1 |       0 |   0.0
            +---------+---------+-------+---------+---------+-------
